 Dungeon Crawl Stone Soup version 0.19.0-20-gbc5f0c6 (webtiles) character file.

36381 Charly the Severer (level 13, -5/123 HPs)
             Began as a Deep Dwarf Monk on Nov 15, 2016.
             Was the Champion of Makhleb.
             Slain by a golden dragon simulacrum (6 damage)
             ... in an ice cave on Nov 16, 2016.
             The game lasted 00:57:00 (5846 turns).

Charly the Severer (Deep Dwarf Monk)                Turns: 5846, Time: 00:57:02

Health: -5/123     AC: 24    Str: 16    XL:     13   Next: 52%
Magic:  12/12      EV: 14    Int: 13    God:    Makhleb [******]
Gold:   49         SH:  0    Dex: 13    Spells: 0 memorised, 12 levels left

rFire  . . .     SeeInvis +     a - +2 battleaxe (elec)
rCold  . . .     Gourm    .     B - +3 pearl dragon scales
rNeg   + + +     Faith    .     (shield currently unavailable)
rPois  +         Spirit   .     (helmet restricted)
rElec  .         Reflect  .     g - +0 cloak
rCorr  .         Harm     .     w - +0 pair of gloves
MR     +....                    u - +0 pair of boots
Stlth  ..........               r - amulet "Orghogirr" {RegenMP rN+ Dex-4 Slay+5}
                                n - ring of positive energy
                                p - ring of poison resistance

@: non-regenerating
A: damage resistance, recharge devices, horns 1, thin metallic scales 1, see
invisible, sense surroundings 2, slow regeneration 3
a: Device Recharging, Minor Destruction, Lesser Servant of Makhleb, Major
Destruction, Greater Servant of Makhleb, Renounce Religion


You were in an ice cave.
You worshipped Makhleb.
Makhleb was exalted by your worship.
You were not hungry.

You visited 5 branches of the dungeon, and saw 28 of its levels.
You also visited: Labyrinth and Ice Cave.

You collected 1079 gold pieces.
You spent 1030 gold pieces at shops.

Inventory:

Hand Weapons
 a - a +2 battleaxe of electrocution (weapon)
 b - a +0 blowgun
 L - a +0 broad axe of venom
Missiles
 l - 2 throwing nets (quivered)
 J - 7 curare-tipped needles
Armour
 g - a +0 cloak (worn)
 u - a +0 pair of boots (worn)
 w - a +0 pair of gloves (worn)
 B - +3 pearl dragon scales (worn)
Rods
 C - a +4 rod of inaccuracy (13/13)
   (You found it in a labyrinth)
Jewellery
 n - a ring of positive energy (right hand)
 p - a ring of poison resistance (left hand)
 r - the amulet "Orghogirr" (around neck) {RegenMP rN+ Dex-4 Slay+5}
   (You found it on level 3 of the Lair of Beasts)

   [amulet of magic regeneration]

   It increases your magic regeneration.
   It affects your dexterity (-4).
   It affects your accuracy and damage with ranged weapons and melee attacks
   (+5).
   It protects you from negative energy.
Wands
 c - a wand of heal wounds (1/9)
 k - a wand of teleportation (3/9)
 o - a wand of lightning (1/15)
 y - a wand of confusion (25/48)
Scrolls
 j - 2 scrolls of blinking
 z - 3 scrolls of teleportation
 I - 2 scrolls of recharging
Potions
 h - a potion of agility
 i - a potion of resistance
 t - 3 potions of curing
 A - 2 potions of brilliance
 H - a potion of cancellation {unknown}
 M - a potion of lignification {unknown}
 P - a potion of flight
Miscellaneous
 N - a fan of gales
Comestibles
 d - 5 bread rations
 q - 7 meat rations


   Skills:
 + Level 10.0 Fighting
 * Level 16.4 Axes
 + Level 11.7 Armour
 + Level 10.4 Dodging
 - Level 2.4 Stealth
 - Level 3.1 Invocations


You had 12 spell levels left.
You didn't know any spells.

Dungeon Overview and Level Annotations

Branches:
Dungeon (15/15)            Temple (1/1) D:4            Lair (6/6) D:9
 Shoals (0/4) Lair:2       Spider (4/4) Lair:2          Orc (2/2) D:11
    Elf (0/3) Orc:2        Vaults (0/5) D:14
  Slime: Lair:5-6    Depths: D:15

Altars:
Ashenzari
Dithmenos
Fedhas
Gozag
Hepliaklqana
Makhleb
Okawaru
Qazlal
Ru
Sif Muna
Xom
Yredelemnul
The Shining One
Beogh

Shops:
D:4 (   D:12 ([*   D:13 *   Orc:1 }   Orc:2 [[(%=

Annotations:
D:4 Eustachio; nikopol's ghost, amateur GrBe
D:10 Harold; Thomus's ghost, novice HOFi
Lair:2 Nergalle; Sonja
Lair:4 jazmu's ghost, journeyman OpIE


Innate Abilities, Weirdness & Mutations

You are resistant to damage.
You can recharge devices by infusing magical energy.
You passively map the area around you.
You do not regenerate.
You have a pair of small horns on your head.
You are partially covered in thin metallic scales. (AC +2)
You have supernaturally acute eyesight. (SInv)


Message History

You slash the golden dragon simulacrum!
There is a sudden explosion of sparks!
You headbutt the golden dragon simulacrum.
The golden dragon simulacrum is heavily damaged.
Unknown command.
Unknown command.
You slash the golden dragon simulacrum!
The golden dragon simulacrum is heavily damaged.
The golden dragon simulacrum bites you!
* * * LOW HITPOINT WARNING * * *
The golden dragon simulacrum freezes you!!!
* * * LOW HITPOINT WARNING * * *
The golden dragon simulacrum claws you but does no damage.
The golden dragon simulacrum barely misses you.
Unknown command.
Unknown command.
You slash the golden dragon simulacrum!
The golden dragon simulacrum is almost destroyed.
The golden dragon simulacrum bites you but does no damage.
The golden dragon simulacrum claws you!
You die...

####### ## **
#.....## * .$:
#......## ....
#.......#
.....,*
#.......#......
#@Z..∩.........
,
#.......#......
#.......#,.....
*, #......##
,...., #.....##
* .[? , #######
## *


You could see a golden dragon simulacrum.

Vanquished Creatures
  An orc warlord (Orc:2)
  Snorg (Orc:1)
  A minotaur (Lab)
  A yaktaur captain (D:14)
  3 orc high priests (Orc:2)
  An unseen horror (D:11)
  A hill giant (D:11)
  An orc knight (Orc:2)
  2 orc sorcerers (Orc:2)
  2 wolf spiders
  2 orb spiders
  8 ugly things
  A deep elf mage (D:13)
  A manticore (D:11)
  A moth of wrath (Spider:3)
  Maurice (Orc:1)
  A black mamba (Lair:1)
  An ice statue (Spider:4)
  A spiny frog (Lair:1)
  2 yaktaurs (D:14)
  2 komodo dragons
  A kobold demonologist (D:13)
  2 demonic crawlers (Spider:2)
  4 jumping spiders (Spider:3)
  2 hornets
  2 trolls
  3 blink frogs (Lair:5)
  3 hippogriffs
  A two-headed ogre (D:11)
  11 redbacks (Spider:3)
  A centaur simulacrum (D:14)
  10 tarantellas
  3 wyverns
  14 yaks
  2 vampires
  2 basilisks
  6 wargs (Orc:2)
  A hydra simulacrum (IceCv)
  5 water moccasins
  38 orc warriors
  3 porcupines
  6 ice beasts (IceCv)
  A black bear (Lair:5)
  2 sky beasts
  A necrophage (D:8)
  3 ogres
  13 centaurs
  3 crocodiles
  5 big kobolds
  7 bullfrogs
  3 scorpions
  4 killer bees (D:9)
  A howler monkey (D:5)
  A crimson imp (D:11)
  A bullfrog zombie (D:7)
  11 orc priests
  3 centaur skeletons
  4 hounds
  A jelly (D:6)
  14 orc wizards
  An iguana (D:11)
  2 worker ants
  A hound zombie (D:9)
  A hound skeleton (D:4)
  An adder (D:9)
  3 shadow imps
  2 oozes
  A worm (Lair:2)
  A dart slug (D:3)
  A leopard gecko (D:11)
  82 orcs
  2 bats
  5 giant cockroaches
  3 goblins
  A hobgoblin (D:3)
  5 jackals
  A ball python (D:3)
  A ball python skeleton (D:4)
  A frilled lizard (D:3)
  19 kobolds
  2 rats (D:3)
369 creatures vanquished.

Vanquished Creatures (collateral kills)
  A hill giant (D:11)
  An ugly thing (D:11)
  A spiny frog (Lair:1)
  A hornet (D:9)
  A hippogriff (D:11)
  Prince Ribbit (D:9)
  A centaur (D:9)
  A killer bee (D:9)
  An iguana (D:9)
  An orc wizard (D:9)
  2 orcs
  2 kobolds (D:9)
14 creatures vanquished.

Vanquished Creatures (others)
  2 fungi (Lair:2)
  2 plants
4 creatures vanquished.

Grand Total: 387 creatures vanquished

Notes
Turn   | Place    | Note
-------+----------+-------------------------------------------
     0 | D:1      | Charly the Deep Dwarf Monk began the quest for the Orb.
     0 | D:1      | Reached XP level 1. HP: 20/20 MP: 1/1
   130 | D:4      | Noticed an orc wizard
   132 | D:4      | Noticed an orc wizard
   136 | D:4      | Noticed Eustachio
   146 | D:4      | Killed an orc wizard
   146 | D:4      | Reached skill level 4 in Axes
   146 | D:4      | Reached XP level 2. HP: 24/27 MP: 2/2
   146 | D:4      | Reached XP level 3. HP: 29/33 MP: 3/3
   231 | D:3      | Reached skill level 5 in Axes
   267 | D:4      | Noticed nikopol's ghost (amateur GrBe)
   401 | D:3      | Found a deep blue altar of Sif Muna.
   459 | D:3      | Reached XP level 4. HP: 29/40 MP: 4/4
   497 | D:5      | Entered Level 5 of the Dungeon
   508 | D:4      | Found Odi Mesch's Weapon Emporium.
   557 | D:4      | Reached skill level 6 in Axes
   595 | D:4      | Found a staircase to the Ecumenical Temple.
   607 | D:4      | Reached XP level 5. HP: 37/46 MP: 5/5
   610 | Temple   | Entered the Ecumenical Temple
   638 | Temple   | Became a worshipper of Makhleb the Destroyer
   638 | Temple   | Reached * piety under Makhleb
   638 | Temple   | Reached ** piety under Makhleb
   762 | D:6      | Found a basalt altar of Yredelemnul.
   762 | D:6      | Noticed a sky beast
   775 | D:6      | Killed a sky beast
   775 | D:6      | Reached skill level 7 in Axes
   808 | D:6      | Reached XP level 6. HP: 23/55 MP: 6/6
   818 | D:6      | Noticed an orc warrior
   868 | D:5      | Found a shattered altar of Ashenzari.
  1001 | D:7      | Found a basalt altar of Yredelemnul.
  1079 | D:8      | Reached skill level 8 in Axes
  1086 | D:8      | Found an iron altar of Okawaru.
  1134 | D:8      | Reached XP level 7. HP: 22/62 MP: 7/7
  1181 | D:9      | Found a staircase to the Lair.
  1182 | D:9      | Noticed a komodo dragon
  1184 | D:10     | Entered Level 10 of the Dungeon
  1184 | D:10     | Noticed a hill giant
  1231 | D:9      | Reached skill level 9 in Axes
  1349 | D:10     | Noticed Harold
  1351 | D:10     | Gained mutation: You have a pair of small horns on your head. [potion of mutation]
  1351 | D:10     | Gained mutation: You are partially covered in thin metallic scales. (AC +2) [potion of mutation]
  1351 | D:10     | Gained mutation: You have supernaturally acute eyesight. (SInv) [potion of mutation]
  1380 | D:10     | Reached XP level 8. HP: 49/73 MP: 6/6
  1389 | D:10     | Noticed Thomus's ghost (novice HOFi)
  1405 | D:11     | Noticed a brown ugly thing
  1416 | D:10     | Reached skill level 10 in Axes
  1449 | D:10     | Noticed a troll
  1555 | D:9      | Found a glowing golden altar of the Shining One.
  1594 | D:9      | Reached *** piety under Makhleb
  1598 | D:9      | Noticed Prince Ribbit
  1609 | D:9      | Killed Prince Ribbit
  1633 | D:9      | Found a shimmering altar of Xom.
  1670 | Lair:1   | Entered Level 1 of the Lair of Beasts
  1696 | D:9      | Killed a troll
  1696 | D:9      | Reached skill level 1 in Armour
  1754 | D:9      | Killed a komodo dragon
  1754 | D:9      | Reached skill level 5 in Fighting
  1754 | D:9      | Reached skill level 11 in Axes
  1766 | D:9      | Noticed a hornet
  1772 | D:9      | Killed a hornet
  1772 | D:9      | Gained mutation: You passively map the area around you. [Deep Dwarf growth]
  1772 | D:9      | Reached XP level 9. HP: 68/81 MP: 9/9
  1847 | D:11     | Noticed a hill giant
  1863 | D:11     | Killed a brown ugly thing
  1864 | D:11     | Killed a hill giant
  1871 | D:11     | Reached skill level 5 in Dodging
  1895 | D:11     | Found a hazy altar of Hepliaklqana.
  2045 | D:11     | Killed a hill giant
  2045 | D:11     | Reached skill level 12 in Axes
  2045 | D:11     | Reached skill level 5 in Armour
  2061 | D:11     | Noticed an unseen horror
  2066 | D:11     | Killed an unseen horror
  2066 | D:11     | Reached XP level 10. HP: 70/91 MP: 10/10
  2158 | D:12     | Found Xepp's General Store.
  2164 | D:12     | Bought a throwing net for 42 gold pieces
  2164 | D:12     | Bought a cursed +0 pair of boots for 21 gold pieces
  2164 | D:12     | Bought a scroll of identify for 28 gold pieces
  2195 | D:12     | Found Guifal's Antique Armour Emporium.
  2284 | D:12     | Noticed a red ugly thing
  2297 | D:12     | Killed a white ugly thing
  2392 | D:11     | Found a staircase to the Orcish Mines.
  2430 | Orc:1    | Entered Level 1 of the Orcish Mines
  2448 | Orc:2    | Entered Level 2 of the Orcish Mines
  2556 | D:12     | Bought a blackened scale mail for 288 gold pieces
  2566 | D:12     | Identified the +5 scale mail of Ruimmous {-Cast MP+9 Stlth+} (You bought it in a shop on level 12 of the Dungeon)
  2600 | D:11     | Noticed a manticore
  2613 | D:11     | Killed a manticore
  2780 | Lair:1   | Noticed a spiny frog
  2804 | Lair:1   | Killed a spiny frog
  2840 | Lair:1   | Noticed a spiny frog
  2844 | Lair:1   | Noticed a black mamba
  2854 | Lair:1   | Killed a spiny frog
  2854 | Lair:1   | Reached skill level 13 in Axes
  2865 | Lair:1   | Killed a black mamba
  2875 | Lair:2   | Noticed Sonja
  2888 | Lair:2   | Noticed a seven-headed hydra
  2954 | Lair:2   | Found a hole to the Spider Nest.
  3003 | Lair:3   | Reached XP level 11. HP: 62/99 MP: 11/11
  3048 | Lair:3   | Got a faintly glowing platinum amulet
  3049 | Lair:3   | Identified the amulet "Orghogirr" {RegenMP rN+ Dex-4 Slay+5} (You found it on level 3 of the Lair of Beasts)
  3284 | Lair:5   | Found a labyrinth entrance.
  3325 | Lab      | Entered a labyrinth
  3663 | Lab      | Noticed a minotaur
  3673 | Lab      | Killed a minotaur
  3731 | Lair:6   | Entered Level 6 of the Lair of Beasts
  3734 | Lair:5   | Upgraded the game from 0.19.0-19-g8c6edcc to 0.19.0-20-gbc5f0c6
  3749 | Lair:4   | Noticed jazmu's ghost (journeyman OpIE)
  3795 | Lair:2   | Noticed Nergalle
  3832 | Lair:2   | Reached **** piety under Makhleb
  3961 | Orc:2    | Found a roughly hewn altar of Beogh.
  3962 | Orc:2    | Noticed an orc high priest
  3962 | Orc:2    | Found Xahy's Jewellery Shop.
  3969 | Orc:2    | Noticed a sun demon
  3971 | Orc:2    | Killed an orc high priest
  3971 | Orc:2    | Reached skill level 14 in Axes
  4074 | Orc:2    | Noticed an orc sorcerer
  4074 | Orc:2    | Found a roughly hewn altar of Beogh.
  4074 | Orc:2    | Found Raiseoq's Food Emporium.
  4094 | Orc:2    | Paralysed by an orc sorcerer for 2 turns
  4100 | Orc:2    | Killed an orc sorcerer
  4145 | Orc:2    | Found a staircase to the Elven Halls.
  4152 | Orc:2    | Found a roughly hewn altar of Beogh.
  4172 | Orc:2    | Found a roughly hewn altar of Beogh.
  4198 | Orc:2    | Found a roughly hewn altar of Beogh.
  4209 | Orc:2    | Found Feqo's Armour Boutique.
  4209 | Orc:2    | Noticed an orc sorcerer
  4210 | Orc:2    | Noticed a soul eater
  4217 | Orc:2    | Killed an orc sorcerer
  4217 | Orc:2    | Reached skill level 10 in Armour
  4305 | Orc:2    | Reached XP level 12. HP: 64/110 MP: 11/11
  4349 | Orc:2    | Reached ***** piety under Makhleb
  4457 | Orc:2    | Noticed an orc high priest
  4467 | Orc:2    | Noticed an orc warlord
  4480 | Orc:2    | Noticed an orc high priest
  4502 | Orc:2    | Killed an orc warlord
  4508 | Orc:2    | Killed an orc high priest
  4539 | Orc:2    | Killed an orc high priest
  4539 | Orc:2    | Reached skill level 15 in Axes
  4573 | Orc:2    | Found a roughly hewn altar of Beogh.
  4573 | Orc:2    | Found Beaddentar's Antique Armour Emporium.
  4576 | Orc:2    | Found Dedaib's Antique Weapon Shoppe.
  4587 | Orc:2    | Bought a warped chain mail for 266 gold pieces
  4597 | Orc:2    | Identified the cursed +0 chain mail "Myexkat" {+Fly} (You bought it in a shop on level 2 of the Orcish Mines)
  4636 | Orc:2    | Found a roughly hewn altar of Beogh.
  4741 | D:13     | Found Mamuus's Assorted Antiques.
  4744 | D:13     | Bought a scroll labeled YTARRI ISHUEKH for 35 gold pieces
  4789 | D:14     | Found a gate to the Vaults.
  4790 | D:14     | Noticed a yaktaur captain
  4802 | D:14     | Killed a yaktaur captain
  4949 | D:15     | Entered Level 15 of the Dungeon
  4949 | D:15     | Noticed a death knight
  5014 | D:13     | Found a stormy altar of Qazlal.
  5050 | D:12     | Found Reamy's Antique Weapon Shoppe.
  5061 | D:12     | Reached XP level 13. HP: 117/121 MP: 12/12
  5167 | Orc:1    | Found Jaunoex's Gadget Shoppe.
  5167 | Orc:1    | Noticed Snorg
  5168 | Orc:1    | Noticed Maurice
  5175 | Orc:1    | Killed Snorg
  5185 | Orc:1    | Killed Maurice
  5417 | D:12     | Bought a runed battleaxe for 350 gold pieces
  5597 | Spider:1 | Entered Level 1 of the Spider Nest
  5683 | Spider:3 | Reached skill level 16 in Axes
  5685 | Spider:3 | Reached ****** piety under Makhleb
  5685 | Spider:3 | Reached skill level 10 in Dodging
  5754 | Spider:4 | Entered Level 4 of the Spider Nest
  5790 | Spider:4 | Found a frozen archway.
  5817 | IceCv    | Entered an ice cave
  5832 | IceCv    | Reached skill level 10 in Fighting
  5845 | IceCv    | HP: 1/123 [golden dragon simulacrum (47)]
  5846 | IceCv    | Slain by a golden dragon simulacrum

Skill      XL: |  1  2  3  4  5  6  7  8  9 10 11 12 13 |
---------------+----------------------------------------+-----
Axes           | 4 5 6 7 8 9 11 12 13 14 15 16 | 16.4
Fighting       | 3 4 5 6 8 9 10 | 10.0
Invocations    | 3 |  3.1
Armour         | 2 5 8 10 11 | 11.7
Dodging        | 4 5 6 8 9 10 | 10.4
Stealth        | |  2.4

Action                   |  1- 3 |  4- 6 |  7- 9 | 10-12 | 13-15 || total
-------------------------+-------+-------+-------+-------+-------++-------
Melee: Hand axe          |    71 |   145 |   191 |   202 |       ||   609
       Headbutt          |       |       |    35 |   138 |    27 ||   200
       Battleaxe         |       |       |       |   324 |    91 ||   415
       Broad axe         |       |       |       |    88 |    47 ||   135
 Fire: Blowgun           |       |       |    11 |     1 |     3 ||    15
Throw: Throwing net      |       |       |     2 |     3 |       ||     5
Invok: Lesser Servant of |       |       |     5 |     5 |       ||    10
 Abil: Device Recharging |       |       |     2 |     1 |       ||     3
Evoke: Wand              |     1 |     2 |    16 |    18 |     4 ||    41
  Use: Scroll            |       |    11 |     6 |    13 |     3 ||    33
       Potion            |       |       |     1 |     5 |     1 ||     7
 Stab: Held in net/web   |       |       |     2 |       |       ||     2
       Distracted        |       |       |       |     1 |       ||     1
  Eat: Royal jelly       |     1 |       |       |     2 |       ||     3
       Chunk             |       |       |     1 |     1 |       ||     2
       Fruit             |       |       |       |     2 |       ||     2
       Bread ration      |       |       |       |     1 |       ||     1
       Meat ration       |       |       |       |       |     1 ||     1
Armor: Scale mail        |    38 |    55 |    72 |    62 |       ||   227
       Robe              |     4 |       |       |       |       ||     4
       Plate armour      |       |       |    33 |    47 |       ||    80
       Pearl dragon scal |       |       |       |   226 |    85 ||   311
Dodge: Dodged            |    46 |    69 |   133 |   422 |   117 ||   787
